| TOP OF THE 1ST |
|
Acapulco Locos batting - Pitching for Panama City Capitales : RHP Richard Renwick
|
|
Pitching: RHP Richard Renwick
|
|
|
Batting: LHB Mauricio Medina
|
0-0: Swinging Strike 0-1: Ground out 4-3 (Groundball, 4, EV 95.0 MPH)
|
|
Batting: RHB Dave Wilder
|
0-0: Called Strike 0-1: Called Strike 0-2: Ball 1-2: Ball 2-2: Ball 3-2: SINGLE (Groundball, 4MD, EV 103.1 MPH)
|
|
Batting: RHB Jim Maler
|
0-0: Ball 1-0: Ball 2-0: Ball 3-0: Called Strike 3-1: Fly out, F4 (Popup, 4D, EV 75.0 MPH)
|
|
Batting: RHB Gary Skow
|
0-0: Foul Ball, location: 2F 0-1: Ground out U3 (Groundball, 3L, EV 88.8 MPH)
|
| Top of the 1st over - 0 runs, 1 hit, 0 errors, 1 left on base; Acapulco 0 - Panama City 0 |
| BOTTOM OF THE 1ST |
|
Panama City Capitales batting - Pitching for Acapulco Locos : RHP Chuck Crim
|
|
Pitching: RHP Chuck Crim
|
|
|
Batting: LHB Preston Cash
|
0-0: Called Strike 0-1: Called Strike 0-2: Ball 1-2: Ball 2-2: Foul Ball, location: 2F 2-2: Ball 3-2: Foul Ball, location: 2F 3-2: Foul Ball, location: 2F 3-2: Foul Ball, location: 2F 3-2: Base on Balls
|
|
Batting: RHB Rod Allen
|
0-0: Ball 1-0: Ball 2-0: Called Strike 2-1: Ball 3-1: Base on Balls Preston Cash to second
|
|
Batting: LHB George Kaage
|
0-0: Ball 1-0: Called Strike 1-1: Swinging Strike 1-2: Ball 2-2: Foul Ball, location: 2F 2-2: Foul Ball, location: 2F 2-2: Ball 3-2: Foul Ball, location: 2F 3-2: Foul Ball, location: 2F 3-2: Grounds into double play, 3-6-3 (Groundball, 3, EV 107.5 MPH) Preston Cash to third
|
|
Batting: LHB Fernando Vazquez
|
0-0: Ball 1-0: Ball 2-0: Ball 3-0: Called Strike 3-1: Base on Balls
|
|
Batting: LHB Carlos Cabassa
|
0-0: Ball 1-0: Called Strike 1-1: Ground out 1-3 (Groundball, 13, EV 61.9 MPH)
|
| Bottom of the 1st over - 0 runs, 0 hits, 0 errors, 2 left on base; Acapulco 0 - Panama City 0 |
| TOP OF THE 2ND |
|
Acapulco Locos batting - Pitching for Panama City Capitales : RHP Richard Renwick
|
|
Batting: RHB Jorge Martinez
|
0-0: Ball 1-0: Ball 2-0: Ground out 6-3 (Groundball, 6, EV 79.4 MPH)
|
|
Batting: LHB Juan Zavala
|
0-0: Ball 1-0: Called Strike 1-1: Called Strike 1-2: Ball 2-2: SINGLE (Groundball, P, EV 90.0 MPH) (infield hit)
|
|
Batting: RHB Jackie Gutierrez
|
0-0: Ball 1-0: Ball 2-0: Foul Ball, location: 2F 2-1: Grounds into double play, 5-4-3 (Groundball, 56, EV 86.3 MPH)
|
| Top of the 2nd over - 0 runs, 1 hit, 0 errors, 0 left on base; Acapulco 0 - Panama City 0 |
| BOTTOM OF THE 2ND |
|
Panama City Capitales batting - Pitching for Acapulco Locos : RHP Chuck Crim
|
|
Batting: LHB Jordan Medrano
|
0-0: Called Strike 0-1: Swinging Strike 0-2: Fly out, F8 (Flyball, 78D, EV 104.4 MPH)
|
|
Batting: SHB Mark Bailey
|
0-0: Fly out, F9 (Flyball, 9, EV 88.1 MPH)
|
|
Batting: SHB Curt Wilkerson
|
0-0: Called Strike 0-1: Ball 1-1: DOUBLE (Line Drive, 89D, EV 106.3 MPH)
|
|
Batting: RHB Gary Holden
|
0-0: Ball 1-0: Ball 2-0: Ball 3-0: Base on Balls
|
|
Batting: LHB Preston Cash
|
0-0: Ball 1-0: Ground out 4-3 (Groundball, 4, EV 83.1 MPH)
|
| Bottom of the 2nd over - 0 runs, 1 hit, 0 errors, 2 left on base; Acapulco 0 - Panama City 0 |
| TOP OF THE 3RD |
|
Acapulco Locos batting - Pitching for Panama City Capitales : RHP Richard Renwick
|
|
Batting: SHB Paul Gbur
|
0-0: Called Strike 0-1: Ball 1-1: Foul Ball, location: 2F 1-2: Ball 2-2: SINGLE (Line Drive, 8LM, EV 98.1 MPH)
|
|
Batting: RHB Enrique Collado
|
0-0: Ball 1-0: Called Strike 1-1: SINGLE (Groundball, 25, EV 70.6 MPH) (infield hit) Paul Gbur to second
|
|
Batting: LHB Mauricio Medina
|
0-0: Foul Ball, location: 2F 0-1: Ball 1-1: Called Strike 1-2: Ball 2-2: Fielders Choice at 2nd, 1-6 (Groundball, P, EV 68.1 MPH) Paul Gbur to third
|
|
Batting: RHB Dave Wilder
|
0-0: Ball 1-0: Ball 2-0: DOUBLE (Flyball, 78D, EV 99.4 MPH) Paul Gbur scores Mauricio Medina to third Runner from 3rd tries for Home, SAFE, no throw by LF
|
|
Batting: RHB Jim Maler
|
0-0: Fly out, F5 (Line Drive, 5, EV 73.8 MPH)
|
|
Batting: RHB Gary Skow
|
0-0: Called Strike 0-1: Ball 1-1: Ball 2-1: Fly out, F3 (Popup, 3SF, EV 84.4 MPH)
|
| Top of the 3rd over - 2 runs, 3 hits, 0 errors, 1 left on base; Acapulco 2 - Panama City 0 |
| BOTTOM OF THE 3RD |
|
Panama City Capitales batting - Pitching for Acapulco Locos : RHP Chuck Crim
|
|
Batting: RHB Rod Allen
|
0-0: Ball 1-0: Swinging Strike 1-1: Ball 2-1: Foul Ball, location: 2F 2-2: Strikes out looking
|
|
Batting: LHB George Kaage
|
0-0: Foul Ball, location: 2F 0-1: Ball 1-1: Called Strike 1-2: SINGLE (Groundball, 4MD, EV 100.6 MPH)
|
|
Batting: LHB Fernando Vazquez
|
0-0: Called Strike 0-1: Foul Ball, location: 2F 0-2: Ball 1-2: Fly out, F8 (Flyball, 8LD, EV 88.1 MPH)
|
|
Batting: LHB Carlos Cabassa
|
0-0: Foul Ball, location: 2F 0-1: Swinging Strike 0-2: Ball George Kaage steals 2nd base 1-2: Foul Ball, location: 2F 1-2: Foul Ball, location: 2F 1-2: Ball 2-2: Strikes out swinging
|
| Bottom of the 3rd over - 0 runs, 1 hit, 0 errors, 1 left on base; Acapulco 2 - Panama City 0 |
| TOP OF THE 4TH |
|
Acapulco Locos batting - Pitching for Panama City Capitales : RHP Richard Renwick
|
|
Batting: RHB Jorge Martinez
|
0-0: Foul Ball, location: 2F 0-1: Foul Ball, location: 2F 0-2: Ground out 4-3 (Groundball, 4, EV 109.4 MPH)
|
|
Batting: LHB Juan Zavala
|
0-0: Foul Ball, location: 2F 0-1: Swinging Strike 0-2: Ball 1-2: Strikes out swinging
|
|
Batting: RHB Jackie Gutierrez
|
0-0: SINGLE (Groundball, 6M, EV 104.4 MPH) (infield hit)
|
|
Batting: SHB Paul Gbur
|
0-0: Foul Ball, location: 2F 0-1: Foul Ball, location: 2F 0-2: Foul Ball, location: 2F 0-2: Ball 1-2: Ball 2-2: Strikes out swinging
|
| Top of the 4th over - 0 runs, 1 hit, 0 errors, 1 left on base; Acapulco 2 - Panama City 0 |
| BOTTOM OF THE 4TH |
|
Panama City Capitales batting - Pitching for Acapulco Locos : RHP Chuck Crim
|
|
Batting: LHB Jordan Medrano
|
0-0: Ball 1-0: Ball 2-0: Ball 3-0: Foul Ball, location: 2F 3-1: Base on Balls
|
|
Batting: SHB Mark Bailey
|
0-0: Swinging Strike 0-1: Foul Ball, location: 2F 0-2: Ball 1-2: Ball 2-2: Foul Ball, location: 2F 2-2: Grounds into double play, 4-6-3 (Groundball, 34, EV 83.8 MPH)
|
|
Batting: SHB Curt Wilkerson
|
0-0: Fly out, F6 (Flyball, 6D, EV 88.8 MPH)
|
| Bottom of the 4th over - 0 runs, 0 hits, 0 errors, 0 left on base; Acapulco 2 - Panama City 0 |
| TOP OF THE 5TH |
|
Acapulco Locos batting - Pitching for Panama City Capitales : RHP Richard Renwick
|
|
Batting: RHB Enrique Collado
|
0-0: Foul Ball, location: 2F 0-1: Ground out 5-3 (Groundball, 56S, EV 90.6 MPH)
|
|
Batting: LHB Mauricio Medina
|
0-0: Foul Ball, location: 2F 0-1: Ground out U3 (Groundball, 3, EV 93.8 MPH)
|
|
Batting: RHB Dave Wilder
|
0-0: Ball 1-0: Ball 2-0: Ball 3-0: Base on Balls
|
|
Batting: RHB Jim Maler
|
0-0: Ball 1-0: Ball 2-0: Called Strike 2-1: Foul Ball, location: 2F 2-2: Ball 3-2: Foul Ball, location: 2F 3-2: SINGLE (Line Drive, 9S, EV 93.1 MPH) Dave Wilder to second Dave Wilder to third
|
|
Batting: RHB Gary Skow
|
0-0: Ball 1-0: Called Strike 1-1: Ball 2-1: Swinging Strike 2-2: Foul Ball, location: 2F 2-2: Strikes out swinging
|
| Top of the 5th over - 0 runs, 1 hit, 0 errors, 2 left on base; Acapulco 2 - Panama City 0 |
| BOTTOM OF THE 5TH |
|
Panama City Capitales batting - Pitching for Acapulco Locos : RHP Chuck Crim
|
|
Batting: RHB Gary Holden
|
0-0: SINGLE (Groundball, 4MD, EV 103.1 MPH)
|
|
Batting: LHB Preston Cash
|
0-0: Ball 1-0: Swinging Strike 1-1: Ball 2-1: Foul Ball, location: 2F 2-2: Hit by Pitch Gary Holden to second
|
|
Batting: RHB Rod Allen
|
0-0: Ball 1-0: Foul Ball, location: 2F 1-1: Foul Ball, location: 2F 1-2: Ball 2-2: Foul Ball, location: 2F 2-2: Ball 3-2: Base on Balls Gary Holden to third Preston Cash to second
|
|
Batting: LHB George Kaage
|
0-0: Ball 1-0: Called Strike 1-1: Called Strike 1-2: Ball Wild Pitch! Gary Holden scores Preston Cash to third Rod Allen to second 2-2: Ball 3-2: Base on Balls
|
|
Batting: LHB Fernando Vazquez
|
0-0: Ball 1-0: Called Strike 1-1: Foul Ball, location: 2F 1-2: Fly out, F4 (Popup, 3S, EV 81.3 MPH)
|
|
Batting: LHB Carlos Cabassa
|
0-0: Foul Ball, location: 2F 0-1: Called Strike 0-2: Strikes out swinging
|
|
Batting: LHB Jordan Medrano
|
0-0: Ball 1-0: Fly out, F4 (Popup, 4MD, EV 73.1 MPH)
|
| Bottom of the 5th over - 1 run, 1 hit, 0 errors, 3 left on base; Acapulco 2 - Panama City 1 |
| TOP OF THE 6TH |
|
Acapulco Locos batting - Pitching for Panama City Capitales : RHP Richard Renwick
|
|
Batting: RHB Jorge Martinez
|
0-0: Called Strike 0-1: Foul Ball, location: 2F 0-2: Ball 1-2: Foul Ball, location: 2F 1-2: Ball 2-2: Fly out, F6 (Line Drive, 6, EV 70.0 MPH)
|
|
Batting: LHB Juan Zavala
|
0-0: Called Strike 0-1: Ball 1-1: Ball 2-1: Called Strike 2-2: Ball 3-2: Base on Balls
|
|
Batting: RHB Jackie Gutierrez
|
0-0: Grounds into double play, 6-4-3 (Groundball, 56, EV 98.1 MPH)
|
| Top of the 6th over - 0 runs, 0 hits, 0 errors, 0 left on base; Acapulco 2 - Panama City 1 |
| BOTTOM OF THE 6TH |
|
Panama City Capitales batting - Pitching for Acapulco Locos : RHP Chuck Crim
|
|
Batting: SHB Mark Bailey
|
0-0: Ball 1-0: Called Strike 1-1: Ball 2-1: Called Strike 2-2: Ball 3-2: Base on Balls
|
|
Batting: SHB Curt Wilkerson
|
0-0: Swinging Strike 0-1: Foul Ball, location: 2F 0-2: Ball 1-2: Foul Ball, location: 2F 1-2: Ball Wild Pitch! Mark Bailey to second 2-2: Ground out 6-3 (Groundball, 6S, EV 79.4 MPH)
|
|
Batting: RHB Gary Holden
|
0-0: Called Strike 0-1: Ball 1-1: Swinging Strike 1-2: Foul Ball, location: 2F 1-2: Strikes out swinging
|
|
Batting: LHB Preston Cash
|
0-0: Swinging Strike 0-1: Ball 1-1: Ball 2-1: Ball 3-1: Called Strike 3-2: Ground out 4-3 (Groundball, 4M, EV 89.4 MPH)
|
| Bottom of the 6th over - 0 runs, 0 hits, 0 errors, 1 left on base; Acapulco 2 - Panama City 1 |
| TOP OF THE 7TH |
|
Acapulco Locos batting - Pitching for Panama City Capitales : RHP Richard Renwick
|
|
Batting: SHB Paul Gbur
|
0-0: Ground out 1-3 (Groundball, 34S, EV 73.1 MPH)
|
|
Batting: RHB Enrique Collado
|
0-0: Called Strike 0-1: Ball 1-1: Called Strike 1-2: Fly out, F9 (Flyball, 9, EV 89.4 MPH)
|
|
Batting: LHB Mauricio Medina
|
0-0: Ground out 1-3 (Groundball, 15S, EV 75.6 MPH)
|
| Top of the 7th over - 0 runs, 0 hits, 0 errors, 0 left on base; Acapulco 2 - Panama City 1 |
| BOTTOM OF THE 7TH |
|
Panama City Capitales batting - Pitching for Acapulco Locos : RHP Chuck Crim
|
|
Batting: RHB Rod Allen
|
0-0: Called Strike 0-1: Ball 1-1: Ball 2-1: Foul Ball, location: 2F 2-2: Ball 3-2: Strikes out swinging
|
|
Batting: LHB George Kaage
|
0-0: Called Strike 0-1: Called Strike 0-2: Ground out U3 (Groundball, 13, EV 87.5 MPH)
|
|
Batting: LHB Fernando Vazquez
|
0-0: Called Strike 0-1: Swinging Strike 0-2: Ball 1-2: Ball 2-2: Foul Ball, location: 2F 2-2: Ball 3-2: SOLO HOME RUN (Flyball, 9LD, EV 103.1 MPH), Distance : 352 ft
|
|
Batting: LHB Carlos Cabassa
|
0-0: Ball 1-0: Ball 2-0: Called Strike 2-1: Foul Ball, location: 2F 2-2: Ground out 6-3 (Groundball, 6S, EV 65.6 MPH)
|
| Bottom of the 7th over - 1 run, 1 hit, 0 errors, 0 left on base; Acapulco 2 - Panama City 2 |
| TOP OF THE 8TH |
|
Acapulco Locos batting - Pitching for Panama City Capitales : RHP Richard Renwick
|
|
Pitching: LHP Jose Paz
|
|
|
Batting: RHB Dave Wilder
|
0-0: Ball 1-0: Called Strike 1-1: Ball 2-1: Ball 3-1: Base on Balls
|
|
Batting: RHB Jim Maler
|
0-0: Ball 1-0: Fly out, F4 (Flyball, 34D, EV 91.3 MPH)
|
|
Batting: RHB Gary Skow
|
0-0: Ball 1-0: Ball 2-0: Swinging Strike 2-1: Foul Ball, location: 2F 2-2: Strikes out swinging
|
|
Batting: RHB Jorge Martinez
|
0-0: Ball 1-0: Ball 2-0: Called Strike 2-1: Foul Ball, location: 2F 2-2: Strikes out swinging
|
| Top of the 8th over - 0 runs, 0 hits, 0 errors, 1 left on base; Acapulco 2 - Panama City 2 |
| BOTTOM OF THE 8TH |
|
Panama City Capitales batting - Pitching for Acapulco Locos : RHP Chuck Crim
|
|
Batting: LHB Jordan Medrano
|
0-0: Ball 1-0: Ball 2-0: Ball 3-0: Called Strike 3-1: Base on Balls
|
|
Batting: SHB Mark Bailey
|
0-0: Called Strike 0-1: Ball 1-1: Called Strike 1-2: Grounds into double play, 4-6-3 (Groundball, 4, EV 81.3 MPH)
|
|
Batting: SHB Curt Wilkerson
|
0-0: Ball 1-0: Ball 2-0: Ball 3-0: Foul Ball, location: 2F 3-1: Foul Ball, location: 2F 3-2: Base on Balls
|
|
Pitching: RHP Frank Ricci
|
|
|
Batting: RHB Gary Holden
|
0-0: Swinging Strike 0-1: Called Strike 0-2: Fly out, F8 (Flyball, 8LD, EV 85.0 MPH)
|
| Bottom of the 8th over - 0 runs, 0 hits, 0 errors, 1 left on base; Acapulco 2 - Panama City 2 |
| TOP OF THE 9TH |
|
Acapulco Locos batting - Pitching for Panama City Capitales : LHP Jose Paz
|
|
Pinch Hitting: RHB Steven Trumbauer
|
0-0: Ground out 6-3 (Groundball, 6, EV 85.6 MPH)
|
|
Batting: RHB Jackie Gutierrez
|
0-0: Ball 1-0: Called Strike 1-1: Fly out, F8 (Flyball, 8RM, EV 83.8 MPH)
|
|
Pinch Hitting: RHB Daniel Purpura
|
0-0: Ball 1-0: Ball 2-0: Called Strike 2-1: Ball 3-1: Base on Balls
|
|
Batting: RHB Enrique Collado
|
0-0: Called Strike 0-1: Fielders Choice at 2nd, 6-4 (Groundball, 6, EV 99.4 MPH)
|
| Top of the 9th over - 0 runs, 0 hits, 0 errors, 1 left on base; Acapulco 2 - Panama City 2 |
| BOTTOM OF THE 9TH |
|
Panama City Capitales batting - Pitching for Acapulco Locos : RHP Frank Ricci
|
|
Now at C: Eugene Steuber
|
|
|
Now at 3B: Daniel Purpura
|
|
|
Batting: LHB Preston Cash
|
0-0: Ball 1-0: Ball 2-0: Ball 3-0: Called Strike 3-1: Base on Balls
|
|
Batting: RHB Rod Allen
|
0-0: Called Strike 0-1: Ball 1-1: SINGLE (Groundball, 34D, EV 94.4 MPH) Preston Cash to second Runner from 2nd tries for 3rd, SAFE, throw by RF made to third
|
|
Batting: LHB George Kaage
|
0-0: Ball 1-0: Ball 2-0: Called Strike 2-1: Foul Ball, location: 2F 2-2: Ball 3-2: Base on Balls Rod Allen to second
|
|
Batting: LHB Fernando Vazquez
|
0-0: Called Strike 0-1: Ball 1-1: Ball 2-1: SINGLE (Flyball, 7LS, EV 91.3 MPH) Preston Cash scores
|
| Bottom of the 9th over - 1 run, 2 hits, 0 errors, 0 left on base; Acapulco 2 - Panama City 3 |
|